 Dungeon Crawl Stone Soup version 0.28.0-53-g5a82cb258f (webtiles) character file.

Game seed: 3792871225816461567

244 Diggabert the Poker (level 6, -3/32 HPs)
             Began as a Vine Stalker Fighter on June 26, 2022.
             Killed by divine providence
             ... invoked by an orc priest
              (10 damage)
             ... on level 4 of the Dungeon.
             The game lasted 00:05:44 (3538 turns).

Diggabert the Poker (Vine Stalker Fighter)          Turns: 3538, Time: 00:05:45

Health: -3/32      AC: 11    Str: 20    XL:     6   Next: 10%
Magic:  0/7        EV:  5    Int:  8    God:
Gold:   158        SH:  5    Dex: 14    Spells: 5/5 levels left

rFire   . . .      SeeInvis .   a - +0 trident
rCold   . . .      Faith    .   c - +0 buckler
rNeg    . . .      Spirit   +   i - +0 plate armour
rPois   .          Reflect  .   (no helmet)
rElec   .          Harm     .   (no cloak)
rCorr   .          Rampage  .   (no gloves)
Will    +....                   (no boots)
Stlth   ..........              (no amulet)
HPRegen 0.90/turn               q - ring of willpower
MPRegen 0.10/turn               (no ring)

@: no status effects
A: fangs 2, regeneration 1, magic shield, antimagic bite, no potion heal 2
a: no special abilities


You were on level 4 of the Dungeon.
You visited 1 branch of the dungeon, and saw 4 of its levels.

You collected 158 gold pieces.

Inventory:

Hand Weapons
 a - a +0 trident (weapon)
Missiles
 o - 2 throwing nets (quivered)
Armour
 c - a +0 buckler (worn)
 i - a +0 plate armour (worn)
Jewellery
 q - a ring of willpower (left hand)
Wands
 p - a wand of digging (6)
Scrolls
 b - a scroll of holy word {unknown}
 f - a scroll of fear {unknown}
 g - 2 scrolls of teleportation {unknown}
 h - a scroll of magic mapping {unknown}
 j - 2 scrolls of silence {unknown}
 l - 3 scrolls of amnesia {unknown}
 m - a scroll of identify {unknown}
Potions
 d - 2 potions of might
 e - a potion of curing {unknown}
 k - 2 potions of attraction {unknown}
 n - a potion of brilliance {unknown}
 r - a potion of degeneration {unknown}
 s - 2 potions of ambrosia {unknown}


   Skills:
 * Level 3.4 Fighting
 * Level 4.1 Polearms
 * Level 3.3 Armour
 * Level 3.2 Shields


You had 5 spell levels left.
You didn't know any spells.
Your spell library contained the following spells:

 Spells                   Type           Power      Damage    Failure   Level
 Animate Skeleton         Necr           0%         N/A       100%        1
 Apportation              Tloc           0%         N/A       100%        1
 Slow                     Hex            0%         N/A       100%        1
 Summon Small Mammal      Summ           0%         N/A       100%        1
 Call Canine Familiar     Summ           0%         N/A       100%        3
 Confusing Touch          Hex            0%         N/A       100%        3
 Summon Guardian Golem    Hex/Summ       0%         N/A       100%        3
 Vampiric Draining        Necr           0%         2d6       100%        3


Dungeon Overview and Level Annotations

Branches:
Dungeon (4/15)
 Temple: D:4-7

Altars:
Ashenzari
Ru
Uskayaw


Innate Abilities, Weirdness & Mutations

You have extremely sharp teeth.
Your natural rate of healing is unusually fast.
When hurt, damage is shared between your health and your magic reserves.
Your bite disrupts and absorbs the magic of your enemies.
Potions cannot restore your health.


Message History

The orc priest is moderately wounded.
The orc priest hits you but does no damage.
You block the orc priest's attack.
You hit the orc priest but do no damage.
Your bite misses the orc priest.
The orc priest is moderately wounded.
The orc priest calls down the wrath of Beogh upon you.
Beogh smites you!
You hit the orc priest. You bite the orc priest. You drain its power.
You feel invigorated.
The orc priest is heavily wounded.
You block the orc priest's attack.
You hit the orc priest. Your bite misses the orc priest.
The orc priest is severely wounded.
The orc priest invokes the aid of Beogh against you.
Beogh smites you!
You are too injured to fight recklessly!
You are too injured to fight recklessly!
You are too injured to fight recklessly!
You are too injured to fight recklessly!
You closely miss the orc priest.
The orc priest is severely wounded.
The orc priest mumbles some strange prayers to Beogh against you.
Beogh smites you!
* * * LOW HITPOINT WARNING * * *
Unknown command.
You hit the orc priest but do no damage.
The orc priest is severely wounded.
The orc priest hits you with a +0 dagger.
You barely miss the orc priest.
The orc priest is severely wounded.
The orc priest hits you with a +0 dagger.
* * * LOW HITPOINT WARNING * * *
Unknown command.
You hit the orc priest but do no damage.
The orc priest is severely wounded.
The orc priest hits you but does no damage.
The orc priest calls down the wrath of Beogh upon you.
Beogh smites you!
You die...

..........#................####..
..........##.##............+.....
..........##.##............####..
.......†.....###.######...### #..
.........##### #............# #.#
.........# #............###.(
.........# #...............##
.........# #.........>.....#
..######## #@..............# ..#
#o............### ..#
#..###........# ..#
#..#...(......# ###
...#..........# ##.# #.>......#
.# ..


You could see an orc priest.

Vanquished Creatures
  A bullfrog zombie (D:3)
  A hound (D:4)
  2 hound skeletons (D:4)
  4 gnolls (D:3)
  5 adders
  A worm (D:3)
  A dart slug (D:2)
  2 orcs
  6 bats
  7 endoplasms
  A giant cockroach (D:1)
  4 hobgoblins
  9 jackals
  2 quokkas
  4 ball pythons
  5 frilled lizards
  7 goblins
  8 kobolds
  7 rats
77 creatures vanquished.

Notes
Turn   | Place    | Note
-------+----------+-------------------------------------------
     0 | D:1      | Diggabert the Vine Stalker Fighter began the quest for the
                  | Orb.
     0 | D:1      | Reached XP level 1. HP: 11/11 MP: 2/2
   125 | D:1      | Reached XP level 2. HP: 16/16 MP: 3/3
   131 | D:1      | Reached skill level 2 in Polearms
   575 | D:1      | Reached XP level 3. HP: 20/20 MP: 4/4
  1802 | D:3      | Gained mutation: Your natural rate of healing is unusually
                  | fast. [Vine Stalker growth]
  1802 | D:3      | Reached XP level 4. HP: 20/24 MP: 5/5
  1958 | D:3      | Reached skill level 3 in Polearms
  2699 | D:3      | Reached XP level 5. HP: 27/28 MP: 4/6
  2811 | D:3      | Found a broken altar of Ashenzari.
  3109 | D:4      | Found a hide-covered altar of Uskayaw.
  3133 | D:4      | Found a sacrificial altar of Ru.
  3300 | D:4      | Reached skill level 4 in Polearms
  3320 | D:4      | Reached XP level 6. HP: 32/32 MP: 7/7
  3538 | D:4      | Killed from afar by an orc priest

Illustrated notes

Levels and vault maps discovered:
D:1:      lemuel_arrival_river_passageway, layout_basic
D:2:      layout_basic, kennysheep_generic_room_9
D:3:      layout_basic, nicolae_ashenzari_skybound, serial_co_window_serial,
          co_window_paths_b, co_window_cross_1, co_window_corner_a,
          co_window_paths_a, co_window_corner_a, co_window_corner_b,
          co_window_of_opportunity_b, co_window_broadway_c,
          co_window_broadway_a, co_window_2corner, co_window_4corner_b,
          co_window_4corner_a, glass_columns_a, glass_columns_b
D:4:      layout_basic, mainiacjoe_overflow_brackets,
          gammafunk_temple_overflow_pools,
          nicolae_uskayaw_murder_on_the_dancefloor, uniq_eustachio

Skill      XL: |  1  2  3  4  5 |
---------------+----------------+-----
Polearms       | 2 3 4 |  4.1
Fighting       | 3 |  3.4
Shields        | 3 |  3.2
Armour         | 3 |  3.3

Action                   |  1- 3 |  4- 6 || total
-------------------------+-------+-------++-------
Melee: Trident           |   121 |   111 ||   232
       Bite              |    21 |    17 ||    38
Armor: Scale mail        |    11 |       ||    11
       Chain mail        |     5 |       ||     5
       Plate armour      |    41 |    63 ||   104
Dodge: Dodged            |    36 |    19 ||    55
Block: Buckler           |    18 |    19 ||    37
